[ AOE2 MATCH · #470882109 ]
UnrankedEthiopians vs Shu
[ REPLAY ANALYSIS · EXTRACTED FROM THE RECORDED GAME ]
Feudal
10:46
Castle
14:46
Imperial
36:39
| APM avg | 30.8 |
| APM peak | 66 |
| eAPM avg | 11.7 |
| Villagers / military | 99 / 146 |
Focus
⚔️ 36.6% · 🌾 63.4%
Archer ×138 · Shotel Warrior ×6 · Monk ×2
Feudal
11:11
Castle
18:19
Imperial
35:33
| APM avg | 25.9 |
| APM peak | 55 |
| eAPM avg | 15.6 |
| Villagers / military | 92 / 134 |
Focus
⚔️ 42.3% · 🌾 57.7%
Archer ×84 · Spearman ×40 · Mangonel ×5 · Unknown (1942) ×4 · Militia ×2 · Monk ×2
Feudal
9:36
Castle
21:24
Imperial
—
| APM avg | 20.1 |
| APM peak | 59 |
| eAPM avg | 10.4 |
| Villagers / military | 85 / 46 |
Focus
⚔️ 29.7% · 🌾 70.3%
Knight ×22 · Mangonel ×12 · Skirmisher ×6 · Flemish Militia ×5 · Militia ×1
Feudal
10:56
Castle
20:21
Imperial
36:54
| APM avg | 29.1 |
| APM peak | 51 |
| eAPM avg | 17.1 |
| Villagers / military | 135 / 119 |
Focus
⚔️ 23.0% · 🌾 77.0%
Knight ×100 · Mangonel ×8 · Scout Cavalry ×7 · Spearman ×2 · Militia ×1 · Monk ×1
Match map
Initial resources + every placement click. Lines = walls · curves = elevation contours. ◆ gold · ⬟ stone · ● berries · ✦ relic · ◌ wall gap
Your base· ✓ Closed at 14:46 · 0t walls · 4 gate(s)
[SMURFS] Max's base· ✓ Closed at 18:19 · 0t walls · 4 gate(s)
JJ23's base· ✓ Closed at 21:24 · 0t walls · 4 gate(s)
PAP.KingBug's base· ✓ Closed at 20:21 · 0t walls · 5 gate(s)
Smoothed initial terrain · ◌ = detected wall gap · hover for details
Inputs per minute
— JeyAy - - [SMURFS] Max
Build order — JeyAy
First 150 of 222 actions detected
| 0:02 | Create | Villager (Male) ×4 |
| 0:03 | Build | House |
| 0:04 | Build | House |
| 1:29 | Create | Villager (Male) |
| 1:29 | Create | Villager (Male) |
| 2:40 | Create | Villager (Male) ×2 |
| 2:41 | Create | Villager (Male) ×2 |
| 2:52 | Build | Lumber Camp |
| 2:55 | Create | Villager (Male) |
| 3:40 | Create | Villager (Male) |
| 3:58 | Create | Villager (Male) |
| 3:59 | Create | Villager (Male) |
| 4:36 | Build | House |
| 4:58 | Build | Mill |
| 5:03 | Create | Villager (Male) |
| 5:13 | Create | Villager (Male) ×2 |
| 6:14 | Create | Villager (Male) ×4 |
| 6:26 | Build | Mining Camp |
| 7:27 | Build | House |
| 8:18 | Create | Villager (Male) |
| 8:30 | Research | Feudal Age |
| 8:34 | Build | Barracks |
| 8:56 | Research | Loom |
| 10:18 | Build | Lumber Camp |
| 10:30 | Create | Villager (Male) |
| 10:31 | Create | Villager (Male) |
| 10:46 | Age | Feudal Age |
| 10:49 | Build | Archery Range |
| 10:58 | Build | Blacksmith |
| 11:22 | Research | Double-Bit Axe |
| 11:22 | Research | Double-Bit Axe |
| 11:41 | Create | Archer |
| 11:41 | Create | Archer |
| 11:48 | Build | House |
| 11:49 | Build | House |
| 12:01 | Research | Fletching |
| 12:06 | Research | Castle Age |
| 12:06 | Research | Castle Age |
| 12:24 | Create | Archer |
| 12:35 | Build | Farm |
| 12:36 | Build | Farm |
| 12:39 | Build | Farm |
| 13:12 | Create | Archer |
| 13:19 | Research | Fletching |
| 13:20 | Research | Padded Archer Armor |
| 13:38 | Build | Farm |
| 13:40 | Build | Farm |
| 13:58 | Build | Archery Range |
| 14:04 | Create | Villager (Male) |
| 14:10 | Create | Archer |
| 14:11 | Create | Archer |
| 14:46 | Age | Castle Age |
| 14:52 | Research | Crossbowman (upgrade) |
| 15:24 | Build | Palisade Wall |
| 15:31 | Build | Palisade Wall |
| 15:37 | Build | Palisade Wall |
| 15:48 | Create | Archer |
| 15:48 | Create | Archer |
| 15:49 | Create | Archer |
| 15:49 | Create | Archer |
| 16:06 | Create | Villager (Male) |
| 16:06 | Create | Villager (Male) |
| 16:08 | Build | Farm |
| 16:41 | Build | Palisade Wall |
| 17:02 | Create | Villager (Male) |
| 17:02 | Create | Villager (Male) |
| 17:10 | Build | University |
| 17:22 | Build | House |
| 17:23 | Build | House |
| 17:27 | Build | House |
| 17:29 | Research | Horse Collar |
| 17:45 | Create | Villager (Male) |
| 17:45 | Create | Villager (Male) |
| 17:47 | Create | Archer |
| 17:47 | Create | Archer |
| 18:12 | Build | House |
| 18:21 | Build | House |
| 18:24 | Build | Farm |
| 18:25 | Build | Farm |
| 18:28 | Build | Farm |
| 18:30 | Create | Villager (Male) |
| 18:30 | Create | Villager (Male) |
| 18:33 | Create | Archer |
| 18:34 | Create | Archer |
| 18:34 | Create | Archer |
| 19:21 | Create | Villager (Male) |
| 19:21 | Create | Villager (Male) |
| 19:36 | Build | Market |
| 19:41 | Build | Farm |
| 19:43 | Research | Bodkin Arrow |
| 19:46 | Create | Archer |
| 19:46 | Create | Archer |
| 19:47 | Create | Archer |
| 19:47 | Create | Archer |
| 19:47 | Create | Archer |
| 19:49 | Create | Archer |
| 20:37 | Build | Mining Camp |
| 20:39 | Create | Villager (Male) |
| 20:39 | Create | Villager (Male) |
| 21:00 | Build | Town Center |
| 21:05 | Research | Gold Mining |
| 21:09 | Create | Villager (Male) |
| 21:10 | Create | Villager (Male) |
| 22:12 | Create | Villager (Male) |
| 22:13 | Create | Villager (Male) |
| 22:15 | Create | Archer |
| 22:16 | Create | Archer |
| 22:16 | Create | Archer |
| 22:16 | Create | Archer |
| 22:16 | Create | Archer |
| 22:43 | Research | Ballistics |
| 23:18 | Create | Villager (Male) |
| 23:18 | Create | Villager (Male) |
| 23:18 | Create | Villager (Male) |
| 23:18 | Create | Villager (Male) |
| 23:49 | Create | Villager (Male) |
| 23:49 | Create | Villager (Male) |
| 24:01 | Create | Archer |
| 24:01 | Create | Archer |
| 24:02 | Create | Archer |
| 24:02 | Create | Archer |
| 24:03 | Create | Archer |
| 24:04 | Create | Archer |
| 24:10 | Create | Villager (Male) ×4 |
| 24:15 | Build | Farm |
| 24:30 | Build | Town Center |
| 24:50 | Build | Monastery |
| 24:56 | Build | Farm |
| 25:00 | Research | Leather Archer Armor |
| 25:06 | Build | House |
| 25:07 | Build | House |
| 25:20 | Research | Heavy Plow |
| 25:21 | Research | Heavy Plow |
| 25:28 | Create | Archer |
| 25:28 | Create | Archer |
| 25:33 | Build | House |
| 25:35 | Build | House |
| 25:36 | Build | House |
| 25:39 | Build | Farm |
| 25:39 | Build | Farm |
| 25:52 | Create | Villager (Male) |
| 25:53 | Create | Villager (Male) |
| 26:07 | Create | Monk |
| 26:10 | Create | Archer |
| 26:10 | Create | Archer |
| 26:25 | Build | Farm |
| 26:26 | Build | Farm |
| 26:28 | Create | Villager (Male) |
| 26:28 | Create | Villager (Male) |
| 26:29 | Create | Villager (Male) |
Build order — [SMURFS] Max
First 150 of 327 actions detected
| 0:23 | Create | Villager (Male) |
| 0:23 | Create | Villager (Male) |
| 0:24 | Create | Villager (Male) |
| 0:24 | Create | Villager (Male) |
| 0:27 | Build | House |
| 0:29 | Build | House |
| 2:00 | Create | Villager (Male) |
| 2:31 | Create | Villager (Male) |
| 2:31 | Create | Villager (Male) |
| 2:56 | Create | Villager (Male) |
| 3:12 | Build | Lumber Camp |
| 3:29 | Create | Villager (Male) |
| 3:45 | Create | Villager (Male) |
| 4:10 | Create | Villager (Male) |
| 4:10 | Create | Villager (Male) |
| 4:12 | Build | House |
| 4:47 | Create | Villager (Male) |
| 5:00 | Research | Loom |
| 5:41 | Create | Villager (Male) |
| 6:02 | Create | Villager (Male) |
| 6:15 | Create | Villager (Male) |
| 6:31 | Create | Villager (Male) |
| 6:34 | Build | Mill |
| 7:28 | Create | Villager (Male) |
| 7:28 | Create | Villager (Male) |
| 8:32 | Create | Villager (Male) |
| 9:01 | Research | Feudal Age |
| 9:05 | Build | Mining Camp |
| 9:09 | Build | House |
| 9:23 | Build | Barracks |
| 9:31 | Create | Villager (Male) |
| 9:31 | Create | Villager (Male) |
| 9:39 | Build | House |
| 10:33 | Build | House |
| 10:55 | Build | Farm |
| 10:57 | Build | Farm |
| 10:59 | Build | Farm |
| 11:11 | Age | Feudal Age |
| 11:12 | Create | Spearman |
| 11:22 | Build | Archery Range |
| 11:35 | Create | Villager (Male) |
| 12:22 | Create | Archer |
| 12:22 | Create | Archer |
| 12:38 | Create | Villager (Male) |
| 12:40 | Build | Blacksmith |
| 12:44 | Create | Villager (Male) |
| 12:52 | Research | Double-Bit Axe |
| 13:24 | Create | Archer |
| 13:32 | Create | Villager (Male) |
| 13:32 | Create | Villager (Male) |
| 13:45 | Build | Farm |
| 14:06 | Research | Padded Archer Armor |
| 14:20 | Build | Farm |
| 14:22 | Create | Villager (Male) |
| 14:28 | Build | Farm |
| 14:40 | Create | Villager (Male) |
| 14:42 | Create | Archer |
| 14:43 | Create | Archer |
| 14:57 | Build | Farm |
| 15:20 | Build | Farm |
| 15:32 | Build | House |
| 15:39 | Research | Castle Age |
| 15:43 | Create | Archer |
| 16:07 | Create | Villager (Male) |
| 16:14 | Build | Farm |
| 16:23 | Build | Farm |
| 16:24 | Build | Farm |
| 16:26 | Build | Farm |
| 16:27 | Build | Farm |
| 16:38 | Research | Fletching |
| 16:52 | Build | Archery Range |
| 16:59 | Create | Villager (Male) |
| 17:03 | Research | Horse Collar |
| 17:09 | Create | Archer |
| 17:10 | Create | Archer |
| 18:02 | Create | Archer |
| 18:08 | Create | Archer |
| 18:19 | Age | Castle Age |
| 18:26 | Build | Town Center |
| 18:35 | Research | Crossbowman (upgrade) |
| 18:43 | Research | Leather Archer Armor |
| 18:49 | Create | Villager (Male) |
| 18:49 | Create | Villager (Male) |
| 18:55 | Build | House |
| 18:58 | Research | Bow Saw |
| 19:08 | Build | House |
| 19:12 | Create | Villager (Male) |
| 19:14 | Create | Archer |
| 19:26 | Create | Archer |
| 19:37 | Create | Villager (Male) |
| 19:56 | Create | Villager (Male) |
| 20:05 | Build | Farm |
| 20:11 | Create | Villager (Male) |
| 20:11 | Create | Villager (Male) |
| 20:16 | Create | Archer |
| 20:17 | Create | Archer |
| 20:19 | Research | Bodkin Arrow |
| 20:33 | Build | Farm |
| 20:41 | Build | Farm |
| 20:45 | Create | Villager (Male) |
| 20:46 | Create | Villager (Male) |
| 21:07 | Create | Villager (Male) |
| 21:07 | Create | Villager (Male) |
| 21:35 | Create | Villager (Male) |
| 21:36 | Create | Villager (Male) |
| 21:39 | Create | Archer |
| 21:39 | Create | Archer |
| 21:45 | Build | House |
| 21:46 | Build | House |
| 21:47 | Build | House |
| 21:48 | Build | House |
| 21:49 | Build | House |
| 21:50 | Build | House |
| 21:51 | Build | House |
| 21:55 | Create | Archer |
| 22:17 | Create | Villager (Male) |
| 22:18 | Create | Villager (Male) |
| 22:35 | Create | Villager (Male) |
| 22:35 | Create | Villager (Male) |
| 22:52 | Create | Villager (Male) |
| 22:53 | Create | Villager (Male) |
| 23:08 | Create | Villager (Male) |
| 23:19 | Create | Villager (Male) |
| 23:24 | Build | Siege Workshop |
| 23:26 | Create | Archer |
| 23:26 | Create | Archer |
| 23:49 | Create | Archer |
| 23:49 | Create | Archer |
| 23:54 | Research | Pikeman (upgrade) |
| 23:55 | Create | Spearman |
| 23:55 | Create | Spearman |
| 24:47 | Create | Archer |
| 24:48 | Create | Archer |
| 24:48 | Create | Archer |
| 24:53 | Build | House |
| 24:53 | Build | House |
| 24:54 | Build | House |
| 24:55 | Create | Villager (Male) |
| 24:55 | Create | Villager (Male) |
| 24:57 | Create | Archer |
| 24:57 | Create | Archer |
| 24:59 | Research | Thumb Ring |
| 25:01 | Create | Villager (Male) |
| 25:07 | Build | University |
| 25:09 | Create | Villager (Male) |
| 25:09 | Create | Villager (Male) |
| 25:12 | Create | Villager (Male) |
| 25:15 | Research | Gold Mining |
| 25:23 | Build | Town Center |
| 25:29 | Research | Heavy Plow |
Build order — JJ23
First 150 of 215 actions detected
| 0:01 | Create | Villager (Male) |
| 0:01 | Create | Villager (Male) |
| 0:02 | Create | Villager (Male) |
| 0:02 | Create | Villager (Male) |
| 0:05 | Build | House |
| 0:09 | Build | House |
| 1:32 | Create | Villager (Male) |
| 2:09 | Create | Villager (Male) |
| 2:16 | Build | Lumber Camp |
| 2:37 | Create | Villager (Male) |
| 3:03 | Create | Villager (Male) |
| 3:19 | Create | Villager (Male) |
| 3:50 | Research | Double-Bit Axe |
| 3:57 | Build | House |
| 3:59 | Create | Villager (Male) |
| 4:35 | Create | Villager (Male) |
| 4:36 | Create | Villager (Male) |
| 4:43 | Build | Mill |
| 5:22 | Create | Villager (Male) |
| 5:39 | Create | Villager (Male) |
| 6:19 | Create | Villager (Male) |
| 6:19 | Create | Villager (Male) |
| 6:34 | Research | Loom |
| 7:26 | Research | Feudal Age |
| 8:34 | Build | Farm |
| 8:35 | Build | Farm |
| 8:35 | Build | Farm |
| 8:35 | Build | Farm |
| 8:36 | Build | Farm |
| 9:06 | Build | Barracks |
| 9:12 | Build | Farm |
| 9:18 | Create | Villager (Male) |
| 9:36 | Age | Feudal Age |
| 9:53 | Create | Flemish Militia |
| 9:54 | Create | Flemish Militia |
| 10:01 | Create | Villager (Male) |
| 10:05 | Build | House |
| 10:12 | Build | Mining Camp |
| 10:23 | Research | Town Watch |
| 10:25 | Research | Town Watch |
| 10:29 | Research | Wheelbarrow |
| 10:30 | Create | Villager (Male) |
| 10:35 | Build | House |
| 10:43 | Create | Villager (Male) |
| 10:51 | Create | Militia |
| 10:55 | Create | Flemish Militia |
| 11:13 | Create | Villager (Male) |
| 11:18 | Build | Farm |
| 11:49 | Create | Villager (Male) |
| 12:09 | Research | Arson |
| 12:15 | Create | Villager (Male) |
| 12:26 | Create | Villager (Male) |
| 12:32 | Build | Archery Range |
| 12:36 | Create | Villager (Male) |
| 12:45 | Research | Bow Saw |
| 13:09 | Create | Flemish Militia |
| 13:09 | Create | Flemish Militia |
| 13:32 | Create | Villager (Male) |
| 13:43 | Build | House |
| 13:47 | Build | House |
| 13:54 | Research | Horse Collar |
| 13:59 | Build | Farm |
| 14:08 | Create | Villager (Male) |
| 14:17 | Build | Farm |
| 14:26 | Create | Skirmisher |
| 14:27 | Create | Skirmisher |
| 14:38 | Build | Blacksmith |
| 14:47 | Build | House |
| 14:59 | Build | Farm |
| 15:15 | Create | Villager (Male) |
| 15:18 | Build | Farm |
| 15:19 | Create | Villager (Male) |
| 15:26 | Build | Farm |
| 15:30 | Build | Farm |
| 15:40 | Build | Farm |
| 15:41 | Create | Villager (Male) |
| 16:53 | Create | Villager (Male) |
| 16:55 | Create | Villager (Male) |
| 17:19 | Build | Stable |
| 17:23 | Create | Villager (Male) |
| 17:32 | Build | Farm |
| 17:35 | Build | Farm |
| 17:38 | Build | Farm |
| 17:41 | Build | Farm |
| 17:59 | Build | Farm |
| 18:15 | Create | Villager (Male) |
| 18:22 | Build | Farm |
| 18:32 | Build | Farm |
| 18:44 | Research | Castle Age |
| 18:49 | Create | Skirmisher |
| 19:15 | Create | Villager (Male) |
| 19:37 | Create | Villager (Male) |
| 20:05 | Create | Villager (Male) |
| 20:36 | Create | Skirmisher |
| 20:36 | Create | Skirmisher |
| 20:37 | Create | Skirmisher |
| 20:59 | Research | Fletching |
| 21:00 | Research | Scale Barding Armor |
| 21:13 | Build | Stable |
| 21:24 | Age | Castle Age |
| 21:30 | Build | Siege Workshop |
| 21:41 | Create | Knight |
| 21:42 | Create | Knight |
| 21:43 | Research | Husbandry |
| 21:50 | Create | Villager (Male) |
| 21:54 | Research | Gold Mining |
| 22:16 | Build | Market |
| 22:24 | Create | Villager (Male) |
| 22:28 | Build | House |
| 22:29 | Build | House |
| 22:37 | Create | Knight |
| 23:08 | Create | Villager (Male) |
| 23:15 | Create | Knight |
| 23:24 | Build | House |
| 23:25 | Build | House |
| 23:57 | Create | Knight |
| 24:18 | Create | Villager (Male) |
| 24:19 | Create | Villager (Male) |
| 24:20 | Create | Villager (Male) |
| 24:38 | Create | Villager (Male) |
| 24:57 | Create | Villager (Male) |
| 25:17 | Build | Town Center |
| 25:26 | Create | Villager (Male) |
| 25:29 | Research | Two-Man Saw |
| 25:38 | Research | Cavalier (upgrade) |
| 25:43 | Build | Farm |
| 25:45 | Research | Heavy Plow |
| 25:49 | Research | Hand Cart |
| 25:56 | Create | Knight |
| 26:08 | Create | Villager (Male) |
| 26:19 | Create | Knight |
| 26:34 | Build | Monastery |
| 26:36 | Create | Villager (Male) |
| 27:07 | Create | Knight |
| 27:08 | Create | Knight |
| 27:11 | Create | Villager (Male) |
| 27:44 | Build | Mining Camp |
| 27:46 | Create | Villager (Male) |
| 27:49 | Create | Villager (Male) |
| 27:57 | Create | Villager (Male) |
| 28:07 | Create | Mangonel |
| 28:41 | Research | Chain Barding Armor |
| 29:00 | Research | Scale Mail Armor |
| 29:06 | Create | Knight |
| 29:10 | Create | Mangonel |
| 29:11 | Create | Mangonel |
| 29:19 | Create | Knight |
| 29:23 | Build | Farm |
| 29:27 | Create | Villager (Male) |
| 29:38 | Build | Farm |
Build order — PAP.KingBug
First 150 of 363 actions detected
| 0:06 | Build | House |
| 0:08 | Build | House |
| 0:09 | Create | Villager (Male) |
| 0:10 | Create | Villager (Male) |
| 0:10 | Create | Villager (Male) |
| 0:10 | Create | Villager (Male) |
| 0:10 | Create | Villager (Male) |
| 1:40 | Create | Villager (Male) |
| 1:40 | Create | Villager (Male) |
| 2:08 | Create | Villager (Male) |
| 2:08 | Create | Villager (Male) |
| 2:18 | Build | Mule Cart |
| 2:34 | Create | Villager (Male) |
| 2:34 | Create | Villager (Male) |
| 3:04 | Create | Villager (Male) |
| 3:04 | Create | Villager (Male) |
| 3:23 | Create | Villager (Male) |
| 3:23 | Create | Villager (Male) |
| 4:11 | Create | Villager (Male) |
| 4:13 | Create | Villager (Male) |
| 4:13 | Create | Villager (Male) |
| 4:36 | Build | House |
| 4:51 | Create | Villager (Male) |
| 4:51 | Create | Villager (Male) |
| 5:12 | Build | Mill |
| 5:16 | Create | Villager (Male) |
| 5:16 | Create | Villager (Male) |
| 5:46 | Create | Villager (Male) |
| 5:47 | Create | Villager (Male) |
| 5:50 | Build | House |
| 5:52 | Create | Villager (Male) |
| 6:34 | Create | Villager (Male) |
| 6:35 | Create | Villager (Male) |
| 6:58 | Create | Villager (Male) |
| 7:08 | Build | Barracks |
| 7:51 | Create | Villager (Male) |
| 8:00 | Create | Militia |
| 8:01 | Create | Villager (Male) |
| 8:17 | Research | Loom |
| 8:32 | Research | Feudal Age |
| 9:00 | Create | Villager (Male) |
| 9:07 | Build | House |
| 9:15 | Create | Villager (Male) |
| 9:30 | Build | House |
| 10:19 | Build | Mill |
| 10:56 | Age | Feudal Age |
| 10:59 | Build | Stable |
| 11:04 | Research | Double-Bit Axe |
| 11:17 | Create | Villager (Male) |
| 11:26 | Create | Villager (Male) |
| 11:34 | Build | Palisade Gate |
| 11:41 | Build | House |
| 11:51 | Create | Villager (Male) |
| 11:53 | Create | Scout Cavalry |
| 11:53 | Create | Scout Cavalry |
| 12:02 | Create | Spearman |
| 12:06 | Create | Spearman |
| 12:17 | Build | Blacksmith |
| 12:28 | Create | Villager (Male) |
| 12:32 | Create | Scout Cavalry |
| 12:43 | Create | Villager (Male) |
| 13:00 | Build | Farm |
| 13:00 | Build | Farm |
| 13:00 | Build | Farm |
| 13:01 | Build | Farm |
| 13:01 | Build | Farm |
| 13:01 | Build | Farm |
| 13:16 | Create | Villager (Male) |
| 13:27 | Create | Scout Cavalry |
| 13:32 | Research | Scale Barding Armor |
| 13:42 | Build | Mill |
| 13:53 | Create | Scout Cavalry |
| 14:01 | Create | Villager (Male) |
| 14:04 | Create | Scout Cavalry |
| 14:10 | Build | House |
| 14:11 | Build | House |
| 14:12 | Build | House |
| 14:14 | Build | House |
| 14:19 | Build | Farm |
| 14:36 | Create | Villager (Male) |
| 14:41 | Build | House |
| 14:49 | Create | Villager (Male) |
| 14:59 | Build | Farm |
| 15:16 | Create | Villager (Male) |
| 15:17 | Create | Villager (Male) |
| 15:22 | Build | Farm |
| 15:45 | Create | Villager (Male) |
| 16:07 | Build | Farm |
| 16:09 | Build | Farm |
| 16:17 | Build | Market |
| 16:30 | Create | Villager (Male) |
| 16:57 | Create | Villager (Male) |
| 17:17 | Build | Mill |
| 17:28 | Research | Castle Age |
| 17:31 | Build | Farm |
| 17:46 | Create | Villager (Male) |
| 17:49 | Build | Farm |
| 18:01 | Research | Forging |
| 18:21 | Research | Bloodlines |
| 18:39 | Build | Watch Tower |
| 19:29 | Research | Horse Collar |
| 19:38 | Build | Stable |
| 20:21 | Age | Castle Age |
| 20:30 | Create | Knight |
| 20:30 | Create | Knight |
| 20:41 | Build | Siege Workshop |
| 20:50 | Build | Mill |
| 21:00 | Build | Monastery |
| 21:11 | Create | Scout Cavalry |
| 21:12 | Create | Knight |
| 21:16 | Research | Chain Barding Armor |
| 21:31 | Create | Mangonel |
| 21:31 | Create | Mangonel |
| 21:38 | Create | Knight |
| 22:00 | Create | Knight |
| 22:59 | Create | Knight |
| 23:36 | Create | Villager (Male) |
| 23:37 | Create | Villager (Male) |
| 23:37 | Create | Villager (Male) |
| 23:52 | Create | Villager (Male) |
| 23:52 | Create | Villager (Male) |
| 23:52 | Create | Villager (Male) |
| 24:01 | Create | Villager (Male) |
| 24:01 | Create | Villager (Male) |
| 24:22 | Build | Town Center |
| 24:23 | Create | Monk |
| 24:38 | Build | Outpost |
| 24:43 | Create | Knight |
| 24:43 | Create | Knight |
| 24:43 | Create | Knight |
| 24:56 | Research | Town Watch |
| 25:03 | Create | Knight |
| 25:03 | Create | Knight |
| 25:16 | Build | Mill |
| 25:29 | Create | Villager (Male) |
| 25:30 | Create | Villager (Male) |
| 25:38 | Create | Villager (Male) |
| 25:40 | Create | Villager (Male) |
| 25:40 | Create | Villager (Male) |
| 25:40 | Create | Villager (Male) |
| 25:58 | Research | Husbandry |
| 26:00 | Research | Iron Casting |
| 26:01 | Create | Villager (Male) |
| 26:02 | Create | Villager (Male) |
| 27:05 | Create | Villager (Male) |
| 27:05 | Create | Villager (Male) |
| 27:16 | Create | Knight |
| 27:16 | Create | Knight |
| 27:20 | Create | Villager (Male) |
| 27:20 | Create | Villager (Male) |
Match timeline
| 7:08 | PAP.KingBug · first_building Barracks |
| 8:34 | JeyAy · first_building Barracks |
| 9:06 | JJ23 · first_building Barracks |
| 9:23 | [SMURFS] Max · first_building Barracks |
| 9:36 | JJ23 · age_up feudal |
| 10:46 | JeyAy · age_up feudal |
| 10:49 | JeyAy · first_building Archery Range |
| 10:56 | PAP.KingBug · age_up feudal |
| 10:59 | PAP.KingBug · first_building Stable |
| 11:11 | [SMURFS] Max · age_up feudal |
| 11:22 | [SMURFS] Max · first_building Archery Range |
| 12:32 | JJ23 · first_building Archery Range |
| 14:46 | JeyAy · age_up castle |
| 15:24 | JeyAy · wall_segment Palisade Wall x4 |
| 15:31 | JeyAy · wall_segment Palisade Wall x10 |
| 15:37 | JeyAy · wall_segment Palisade Wall x4 |
| 16:41 | JeyAy · wall_segment Palisade Wall x4 |
| 17:19 | JJ23 · first_building Stable |
| 17:25 | PAP.KingBug · first_market_buy 100 food |
| 18:19 | [SMURFS] Max · age_up castle |
| 20:21 | PAP.KingBug · age_up castle |
| 20:41 | PAP.KingBug · first_building Siege Workshop |
| 21:00 | PAP.KingBug · first_building Monastery |
| 21:24 | JJ23 · age_up castle |
| 21:30 | JJ23 · first_building Siege Workshop |
| 23:24 | [SMURFS] Max · first_building Siege Workshop |
| 24:50 | JeyAy · first_building Monastery |
| 25:18 | JeyAy · first_market_sell 100 wood |
| 25:19 | JeyAy · first_market_buy 100 food |
| 26:34 | JJ23 · first_building Monastery |
| 30:57 | JeyAy · first_building Castle |
| 31:58 | [SMURFS] Max · first_building Monastery |
| 33:18 | PAP.KingBug · first_market_sell 100 wood |
| 35:33 | [SMURFS] Max · age_up imperial |
| 36:21 | [SMURFS] Max · first_building Castle |
| 36:39 | JeyAy · age_up imperial |
| 36:54 | PAP.KingBug · age_up imperial |
| 38:00 | JeyAy · wall_segment Palisade Wall x1 |
| 40:43 | JJ23 · first_building Castle |
| 41:05 | JeyAy · resign |
[ AI ANALYSIS · 1 CREDIT ]
What really happened in this match?
Wolo.gg analyzes every decision: build order, eco, micro, common mistakes by bracket. Personalized analysis on WhatsApp or Discord in 30 seconds.
Civ guide
Ethiopians
Perfil
Jugador #2633608